[Event "Titled Tuesday Blitz July 18 Late 2023"]
[White "Silva Lucena, Cristian"]
[Black "Ovchinnikov, Vsevolod"]
[WhiteFideId "2232588"]
[BlackFideId "24176842"]
[WhiteElo "2375"]
[BlackElo "2644"]
[Result "1-0"]
[Round "1"]
[TimeControl "180+2"]
[Date "2023.07.18"]
[WhiteClock "0:01:42"]
[BlackClock "0:00:20"]
[Board "97"]

1. e4 e6 2. d4 d5 3. e5 c5 4. c3 Qb6 5. Nf3 Nc6 6. a3 Nh6 7. b4 cxd4 8. cxd4 Nf5 9. Bb2 Bd7 10. g4 Nfe7 11. Nc3 Na5 12. Qc2 Nc4 13. Bxc4 dxc4 14. Nd2 Qc6 15. Nce4 Nc8 16. Nxc4 h5 17. g5 b5 18. Ne3 Qxc2 19. Nxc2 Bc6 20. f3 Nb6 21. Ne3 O-O-O 22. Rc1 Kb7 23. Ke2 Be7 24. h4 Rc8 25. Rhf1 Rhd8 26. Rfd1 Na4 27. Ba1 Nb6 28. Rd2 Be8 29. Rdc2 Rxc2+ 30. Rxc2 g6 31. Nc5+ Ka8 32. Na6 Bd7 33. Nc7+ Kb7 34. d5 exd5 35. Ncxd5 Bf8 36. Nxb6 axb6 37. f4 Bc6 38. Rd2 Rxd2+ 39. Kxd2 Be4 40. Kc3 Be7 41. Kd4 Bb1 42. Nd5 Bd8 43. Nc3 Bf5 44. Ne4 Kc6 45. Nd6 Be6 46. Bc3 Be7 47. Ne4 Bf5 48. Nf2 Be6 49. Nd1 Bf5 50. Ne3 Be6 51. Ke4 Ba2 52. f5 Bd8 53. e6 gxf5+ 54. Nxf5 Bd5+ 55. Kf4 Bxe6 56. Ng3 Bc7+ 57. Be5 Bxe5+ 58. Kxe5 Bg4 59. Kf6 Kd5 60. Kxf7 Kd4 61. g6 Bd1 62. Nxh5 Bxh5 63. Kf6 Bxg6 64. Kxg6 Kc3 65. h5 Kb3 66. h6 Kxa3 67. h7 Kxb4 68. h8=Q Ka3 69. Qa1+ Kb3 70. Qb1+ Kc4 71. Kf5 b4 72. Ke4 b3 73. Ke3 Kc3 74. Ke2 b2 75. Ke3 b5 76. Ke2 b4 77. Ke3 b3 78. Ke2 Kc4 79. Kd2 Kd4 80. Qxb2+ Kc4 81. Ke3 Kb4 82. Kd3 Kc5 83. Qxb3 Kd6 84. Qb5 1-0


[Site "https://www.chess.com"]

[Event "Titled Tuesday Blitz July 18 Late 2023"]
[White "Mendez Fortes, Eduardo Jesus"]
[Black "Merino Garcia, Rafael II"]
[WhiteFideId "3502376"]
[BlackFideId "2209128"]
[WhiteElo "2641"]
[BlackElo "2373"]
[Result "1-0"]
[Round "1"]
[TimeControl "180+2"]
[Date "2023.07.18"]
[WhiteClock "0:00:16"]
[BlackClock "0:00:06"]
[Board "98"]

1. e4 d6 2. d4 Nd7 3. Nc3 g6 4. f4 Bg7 5. Nf3 c5 6. Be3 a6 7. dxc5 dxc5 8. e5 Nh6 9. Qd2 Nf5 10. Bf2 O-O 11. O-O-O Qa5 12. Kb1 b5 13. h4 b4 14. Nd5 h5 15. Bd3 e6 16. Bxf5 exd5 17. Bxg6 Nb6 18. Bxh5 Nc4 19. Qxd5 Be6 20. Qxc5 Qa4 21. b3 Qa3 22. bxc4 Rfc8 23. Qe3 Qa5 24. Nd2 Rxc4 25. Nxc4 Bxc4 26. a3 bxa3 27. Ka1 Bf8 28. f5 Bc5 29. Qg3+ Kh8 30. Bxc5 Rg8 31. Qe3 Rxg2 32. Rhg1 Rxc2 33. Qh6# 1-0


[Site "https://www.chess.com"]

[Event "Titled Tuesday Blitz July 18 Late 2023"]
[White "EsmeraldasAnderson03"]
[Black "Lewtak, Damian"]
[BlackFideId "1141724"]
[WhiteElo "2372"]
[BlackElo "2635"]
[Result "1-0"]
[Round "1"]
[TimeControl "180+2"]
[Date "2023.07.18"]
[WhiteClock "0:00:06"]
[BlackClock "0:00:00"]
[Board "99"]

1. d4 d6 2. e4 Nf6 3. Nc3 e5 4. dxe5 dxe5 5. Qxd8+ Kxd8 6. Bg5 Be6 7. O-O-O+ Nd7 8. f4 exf4 9. Bxf4 Be7 10. Nd5 Nxd5 11. exd5 Bf5 12. Bd3 Bxd3 13. Rxd3 Bd6 14. Bxd6 cxd6 15. Nf3 Ne5 16. Nxe5 dxe5 17. c4 Rc8 18. Rc3 Ke7 19. c5 Rhd8 20. Rd1 f5 21. b4 e4 22. g4 g6 23. gxf5 gxf5 24. Rh3 Kf6 25. Rxh7 a5 26. Rxb7 axb4 27. c6 f4 28. c7 Rd6 29. Rd4 Kf5 30. Kd1 f3 31. Rbxb4 Rxc7 32. Rxe4 Rxd5+ 33. Ke1 Rc3 34. Rf4+ Kg5 35. Kf2 Rd2+ 36. Kg3 Rg2+ 37. Kh3 Rg1 38. Rg4+ Rxg4 39. Rxg4+ Kf5 40. Ra4 1-0


[Site "https://www.chess.com"]

[Event "Titled Tuesday Blitz July 18 Late 2023"]
[White "Ballester Llagaria, Luis Eduardo"]
[Black "Romero Ruscalleda, Josep"]
[WhiteFideId "2297620"]
[BlackFideId "2231859"]
[WhiteElo "2617"]
[BlackElo "2370"]
[Result "1-0"]
[Round "1"]
[TimeControl "180+2"]
[Date "2023.07.18"]
[WhiteClock "0:02:02"]
[BlackClock "0:01:55"]
[Board "100"]

1. e4 g6 2. d4 Bg7 3. Nc3 d6 4. Be3 a6 5. f4 b5 6. Bd3 Bb7 7. Nf3 Nd7 8. Qe2 c5 9. dxc5 Nxc5 10. Bxc5 dxc5 11. e5 Nh6 12. O-O-O O-O 13. Bxg6 Qa5 14. Be4 Bxe4 15. Qxe4 b4 16. Nd5 Qxa2 17. Ng5 f5 18. exf6 Rxf6 19. Nxf6+ Bxf6 20. Qxh7+ Kf8 21. Qxh6+ Ke8 22. Qg6+ Kf8 23. Nh7# 1-0


[Site "https://www.chess.com"]

[Event "Titled Tuesday Blitz July 18 Late 2023"]
[White "Guzman Moneo, Alberto"]
[Black "Arabidze, Meri"]
[WhiteFideId "2209616"]
[BlackFideId "13604040"]
[WhiteElo "2366"]
[BlackElo "2617"]
[Result "0-1"]
[Round "1"]
[TimeControl "180+2"]
[Date "2023.07.18"]
[WhiteClock "0:00:00"]
[BlackClock "0:00:13"]
[Board "101"]

1. e4 c6 2. Nf3 d5 3. d3 g6 4. e5 Bg7 5. d4 Nh6 6. Bf4 Nf5 7. Bd3 h5 8. c3 c5 9. dxc5 b6 10. cxb6 Qxb6 11. Qe2 Nc6 12. O-O O-O 13. b4 d4 14. a3 Rd8 15. c4 Qc7 16. Re1 e6 17. Nbd2 Bb7 18. Ne4 Nxe5 19. Nxe5 Bxe5 20. Nf6+ Kf8 21. Bxe5 Qc6 22. Be4 Qc8 23. c5 a5 24. c6 Bxc6 25. Rac1 d3 26. Qd2 Bxe4 27. Rxc8 Raxc8 28. Nxe4 Rc2 29. Qg5 Rdc8 30. h3 Re2 31. Rd1 Rxe4 32. Rxd3 Rxe5 33. g4 hxg4 34. Rd8+ Rxd8 35. Qxd8+ Kg7 36. hxg4 Rd5 37. Qxd5 exd5 38. gxf5 axb4 39. axb4 Kf6 40. fxg6 fxg6 41. Kf1 Ke5 42. Ke2 Kd4 43. Kf3 Kc4 44. Kf4 Kxb4 45. Ke5 Kc4 46. f4 d4 47. Kf6 d3 48. Kxg6 d2 49. f5 d1=Q 50. f6 Qg4+ 51. Kf7 Kd5 52. Ke7 Qe6+ 0-1


[Site "https://www.chess.com"]

[Event "Titled Tuesday Blitz July 18 Late 2023"]
[White "Zavgorodniy, Sergiy"]
[Black "Peatman, Carter"]
[WhiteFideId "14110148"]
[BlackFideId "2096480"]
[WhiteElo "2616"]
[BlackElo "2366"]
[Result "1-0"]
[Round "1"]
[TimeControl "180+2"]
[Date "2023.07.18"]
[WhiteClock "0:01:38"]
[BlackClock "0:00:18"]
[Board "102"]

1. d4 d5 2. c4 e6 3. Nf3 Nf6 4. e3 a6 5. Nbd2 dxc4 6. Bxc4 b5 7. Bd3 Bb7 8. Qe2 c5 9. dxc5 Bxc5 10. Bxb5+ axb5 11. Qxb5+ Nbd7 12. Qxb7 Nb6 13. Qc6+ Nfd7 14. O-O O-O 15. Ne4 Rc8 16. Qb5 Qe7 17. Nxc5 Rxc5 18. Qe2 Rfc8 19. Bd2 Rc2 20. b3 Nd5 21. Nd4 Rb2 22. Qd1 Ne5 23. Bc1 Nc3 24. Qh5 1-0


[Site "https://www.chess.com"]

[Event "Titled Tuesday Blitz July 18 Late 2023"]
[White "Rodriguez Santiago, Jaime"]
[Black "Rostomyan, Mikayel"]
[WhiteFideId "3100898"]
[BlackFideId "13313754"]
[WhiteElo "2365"]
[BlackElo "2612"]
[Result "0-1"]
[Round "1"]
[TimeControl "180+2"]
[Date "2023.07.18"]
[WhiteClock "0:00:09"]
[BlackClock "0:00:07"]
[Board "103"]

1. c4 e5 2. Nc3 Nf6 3. g3 d5 4. cxd5 Nxd5 5. Bg2 Be6 6. Nf3 Nc6 7. Qa4 Nb6 8. Qd1 Be7 9. O-O O-O 10. b3 a5 11. Bb2 a4 12. bxa4 f6 13. Qc2 Qd7 14. Rfc1 Nb4 15. Qd1 Nc4 16. Rcb1 Na6 17. d3 Nxb2 18. Rxb2 Nc5 19. d4 Nxa4 20. Nxa4 Rxa4 21. dxe5 Qxd1+ 22. Rxd1 b6 23. Nd4 Rd8 24. Rbd2 Bb4 25. Rd3 Bc4 26. Re3 fxe5 27. Rxe5 c5 28. Rc1 Rxd4 29. Rxc4 Rd1+ 30. Bf1 Rxa2 31. Kg2 Raa1 32. Rf4 h6 33. e4 Rxf1 34. Re7 Rg1+ 35. Kh3 c4 36. Rff7 Bxe7 37. Rxe7 c3 38. Rc7 Rac1 39. e5 Rge1 40. f4 c2 41. Kg4 Re2 42. Kf5 Kh7 43. e6 Rd1 44. e7 c1=Q 0-1


[Site "https://www.chess.com"]

[Event "Titled Tuesday Blitz July 18 Late 2023"]
[White "Chen, Justin"]
[Black "Jorajuria Mendoza, Algol"]
[WhiteFideId "2098199"]
[BlackFideId "5128897"]
[WhiteElo "2612"]
[BlackElo "2364"]
[Result "1-0"]
[Round "1"]
[TimeControl "180+2"]
[Date "2023.07.18"]
[WhiteClock "0:00:30"]
[BlackClock "0:00:28"]
[Board "104"]

1. d4 Nf6 2. Nf3 e6 3. g3 d5 4. Bg2 c5 5. O-O cxd4 6. Nxd4 e5 7. Nb3 h6 8. Nc3 Be6 9. f4 e4 10. Kh1 Nc6 11. f5 Bc8 12. Be3 Bb4 13. Bd4 Nxd4 14. Qxd4 Bxc3 15. Qxc3 O-O 16. Rad1 Qe7 17. h3 h5 18. Nd4 Bd7 19. Qe3 Qe5 20. c3 h4 21. g4 Nh7 22. Rf2 Bc6 23. Rg1 Rae8 24. g5 Qg3 25. Qf4 Qxf4 26. Rxf4 Nxg5 27. f6 Ne6 28. Rxh4 g6 29. e3 Nxd4 30. cxd4 Re6 31. Rf4 Rd8 32. Rc1 Rdd6 33. Rcf1 Bd7 34. h4 Rc6 35. Kh2 Kh7 36. Kg3 Rc2 37. R4f2 Rxf2 38. Rxf2 Rc6 39. Bf1 Bf5 40. Kf4 Rxf6 41. Ke5 Kg7 42. a4 Rb6 43. Kxd5 Rb3 44. Re2 Rb4 45. Bg2 Rxa4 46. Ke5 Ra5+ 47. Kf4 Rb5 48. Bxe4 Bxe4 49. Kxe4 a5 50. d5 Kf6 51. Kd4 Ke7 52. e4 a4 53. Kc4 Rb3 54. e5 Rh3 55. Kc5 Rxh4 56. e6 Rh5 57. Kc4 fxe6 58. Rxe6+ Kd7 59. Rxg6 Rh2 60. Rb6 Rc2+ 61. Kd3 Rc5 62. Kd4 Rc7 63. Rb4 Rc2 64. Rxb7+ Kd6 65. Rb4 Rd2+ 66. Kc3 Rxd5 67. Rxa4 Kc6 68. Ra6+ Kb5 69. Rf6 Rc5+ 70. Kb3 Rd5 71. Rf3 Re5 72. Rd3 Rf5 73. Rc3 Re5 74. Ka3 Rf5 75. Rb3+ Ka5 76. Rb8 Re5 77. Ra8+ Kb5 78. Rd8 Re3+ 79. b3 Re6 80. Rd5+ Kc6 81. Rh5 Kb6 82. Ka4 Re4+ 83. b4 Re1 84. Rh6+ Kb7 85. Ka5 Re5+ 86. b5 Re7 87. Rg6 Rd7 88. Rc6 Re7 89. Rf6 Rd7 90. Rf5 Re7 91. Rg5 Rd7 92. Rh5 Re7 93. Rd5 Rf7 94. Re5 Rh7 95. Re6 Rg7 96. Rb6+ Ka7 97. Ra6+ Kb7 98. Rd6 Rf7 99. Rd4 Re7 100. Rf4 Rg7 101. Rh4 Re7 102. Rh5 Rd7 103. Rh6 Re7 104. Rh3 Rg7 105. Rh2 Rf7 106. Re2 Rg7 107. Re1 Rf7 108. Rd1 Rg7 109. Rc1 Rh7 110. Rg1 Rf7 111. Rh1 Rd7 112. Re1 Rc7 113. Rf1 Rg7 114. Re1 Rh7 115. Re2 Rg7 116. Re6 Rf7 117. Ra6 Rg7 118. Rc6 Rf7 119. Rc4 Rg7 120. Kb4 Rh7 121. Rd4 Rf7 122. Re4 Rg7 123. Rh4 Re7 124. Rf4 Rd7 125. Kc5 Rc7+ 126. Kd5 Rd7+ 127. Kc5 Rc7+ 128. Kb4 Rd7 129. Re4 Rf7 130. Rd4 Rg7 131. Rd6 Rf7 132. Kc5 Rc7+ 133. Rc6 Rxc6+ 134. bxc6+ Kc7 135. Kb5 Kc8 136. Kb6 Kb8 137. Ka5 Kc7 138. Kb5 Kc8 139. Kc5 Kb8 140. Kd6 1-0


[Site "https://www.chess.com"]

[Event "Titled Tuesday Blitz July 18 Late 2023"]
[White "Tarasova, Viktoriya"]
[Black "Ganiev, Roman"]
[WhiteFideId "4175840"]
[BlackFideId "4131452"]
[WhiteElo "2361"]
[BlackElo "2609"]
[Result "1/2-1/2"]
[Round "1"]
[TimeControl "180+2"]
[Date "2023.07.18"]
[WhiteClock "0:00:06"]
[BlackClock "0:00:14"]
[Board "105"]

1. d4 Nf6 2. c4 e6 3. Nc3 Bb4 4. e3 O-O 5. Ne2 b6 6. a3 Bxc3+ 7. Nxc3 Bb7 8. d5 d6 9. Be2 Nbd7 10. O-O e5 11. e4 c6 12. f3 cxd5 13. cxd5 Rc8 14. Be3 Nh5 15. Nb5 Qe7 16. Nxa7 Ra8 17. Nc6 Qh4 18. Qe1 Qf6 19. g3 g6 20. Rc1 Nc5 21. Qb4 Ba6 22. Bxa6 Rxa6 23. Qb5 Rfa8 24. Qe2 Ra4 25. Rc2 Ng7 26. Rfc1 Nb3 27. Rd1 Nc5 28. Kg2 h5 29. h4 Ne8 30. Bg5 Qg7 31. Bc1 f6 32. Be3 Nd7 33. Qd2 Nc5 34. Nb4 Qd7 35. Nc6 f5 36. Bxc5 bxc5 37. Qg5 Qf7 38. Ne7+ Kh7 39. exf5 gxf5 40. Qxf5+ Qxf5 41. Nxf5 Kg6 42. Ne3 Rb8 43. Nc4 Kf6 44. Nd2 Ke7 45. Ne4 Nc7 46. Kh3 Rd4 47. Rcd2 Nxd5 48. Rxd4 cxd4 49. Rd2 Ne3 50. g4 hxg4+ 51. fxg4 Ke6 52. Ng5+ Kd5 53. h5 Nc4 54. Rf2 d3 55. Nf3 e4 56. Ng5 e3 57. Rf5+ Kd4 58. Nf3+ Ke4 59. Ng5+ Kd4 60. Nf3+ Ke4 61. Ng5+ Kd4 1/2-1/2


[Site "https://www.chess.com"]

[Event "Titled Tuesday Blitz July 18 Late 2023"]
[White "Karaoglan, Doruk"]
[Black "Gerbelli Neto, Eduardo"]
[WhiteFideId "6390927"]
[BlackFideId "2103281"]
[WhiteElo "2608"]
[BlackElo "2361"]
[Result "1-0"]
[Round "1"]
[TimeControl "180+2"]
[Date "2023.07.18"]
[WhiteClock "0:02:26"]
[BlackClock "0:01:21"]
[Board "106"]

1. e4 e5 2. Nf3 Nc6 3. Bc4 Nf6 4. d3 Bc5 5. c3 d6 6. Bb3 a5 7. a4 O-O 8. h3 h6 9. Nbd2 Be6 10. Bc2 d5 11. Qe2 dxe4 12. dxe4 Qd7 13. Nf1 Rad8 14. g4 Nh7 15. Rg1 f6 16. Ng3 Ne7 17. Nf5 Ng6 18. h4 Nf4 19. Bxf4 exf4 20. N3d4 Rfe8 21. Nxe6 Qxe6 22. Qb5 Qb6 23. Qxb6 Bxb6 24. Ke2 Nf8 25. Rgd1 Ne6 26. Bb3 c6 27. Rxd8 Bxd8 28. Nd4 Kf7 29. Nxe6 Rxe6 30. Rd1 1-0


[Site "https://www.chess.com"]

[Event "Titled Tuesday Blitz July 18 Late 2023"]
[White "Senft, Sean"]
[Black "David, Bogdan-Emanuel"]
[WhiteFideId "2044960"]
[BlackFideId "1229907"]
[WhiteElo "2357"]
[BlackElo "2607"]
[Result "0-1"]
[Round "1"]
[TimeControl "180+2"]
[Date "2023.07.18"]
[WhiteClock "0:02:04"]
[BlackClock "0:01:40"]
[Board "107"]

1. d4 d6 2. c4 e5 3. Nf3 e4 4. Nfd2 f5 5. Nc3 Nf6 6. Nb3 g6 7. Bg5 h6 8. Bxf6 Qxf6 9. Qd2 Bg7 10. g3 O-O 11. h4 a5 12. Nd5 Qf7 13. Nxa5 Be6 14. e3 b6 15. Nb3 Bxd5 16. cxd5 Qxd5 17. Rc1 b5 18. Qb4 c6 19. a3 Na6 20. Qc3 Rfc8 21. Be2 Kh7 22. O-O Rab8 23. f3 c5 24. dxc5 Bxc3 0-1


[Site "https://www.chess.com"]

[Event "Titled Tuesday Blitz July 18 Late 2023"]
[White "Leon Oquendo, Jorge"]
[Black "Kostiukov, Alexandr"]
[WhiteFideId "3514803"]
[BlackFideId "14108100"]
[WhiteElo "2607"]
[BlackElo "2356"]
[Result "1-0"]
[Round "1"]
[TimeControl "180+2"]
[Date "2023.07.18"]
[WhiteClock "0:00:07"]
[BlackClock "0:00:09"]
[Board "108"]

1. d4 g6 2. c4 Bg7 3. Nc3 d6 4. e4 e5 5. dxe5 dxe5 6. Qxd8+ Kxd8 7. Be3 Be6 8. O-O-O+ Nd7 9. Nf3 f6 10. c5 Bh6 11. Bxh6 Nxh6 12. h3 Ke7 13. b4 a5 14. a3 axb4 15. axb4 Ra1+ 16. Kb2 Rxd1 17. Nxd1 Ra8 18. Nc3 c6 19. Nd2 b6 20. cxb6 Nxb6 21. Be2 Na4+ 22. Nxa4 Rxa4 23. Kc3 Ra3+ 24. Kb2 Ra2+ 25. Kc3 Nf7 26. Rb1 Nd6 27. f3 Ra3+ 28. Kc2 Ra2+ 29. Rb2 Ra1 30. Nb1 Bc4 31. Bxc4 Nxc4 32. Rb3 f5 33. Kd3 Nd6 34. Nd2 Rg1 35. exf5 gxf5 36. g4 e4+ 37. fxe4 Rg3+ 38. Kd4 Rxb3 39. Nxb3 Nxe4 40. gxf5 Nf2 41. h4 Kf6 42. Na5 Kxf5 43. Nxc6 Ne4 44. Ne7+ Kf4 45. b5 Nd6 46. b6 Nb7 47. Kd5 Kg4 48. Nc8 Kxh4 49. Nd6 Na5 50. Nc4 Nb7 51. Kc6 Nd8+ 52. Kd7 Nb7 53. Kc7 Nc5 54. Kc6 Ne6 55. Kd6 Nd8 56. Na5 Kg5 57. Kd7 Nf7 58. b7 Ne5+ 59. Kc8 Nd7 60. Kxd7 h5 61. b8=Q 1-0


[Site "https://www.chess.com"]

[Event "Titled Tuesday Blitz July 18 Late 2023"]
[White "morozcoma"]
[Black "Piesik, Piotr"]
[BlackFideId "1136194"]
[WhiteElo "2356"]
[BlackElo "2602"]
[Result "0-1"]
[Round "1"]
[TimeControl "180+2"]
[Date "2023.07.18"]
[WhiteClock "0:01:06"]
[BlackClock "0:00:41"]
[Board "109"]

1. e4 g6 2. d4 Bg7 3. Be2 c6 4. h4 h5 5. Nf3 d5 6. e5 Nh6 7. Ng5 f6 8. exf6 exf6 9. Nf3 Bg4 10. c3 Nf5 11. Nbd2 Nd7 12. Nf1 Nd6 13. Ne3 Be6 14. Bd3 Kf7 15. Qc2 Nf8 16. Bd2 Qd7 17. O-O Bh6 18. a4 Kg7 19. Rae1 Bf7 20. g3 Re8 21. Ng2 Bxd2 22. Qxd2 Ne4 23. Qc2 Nd6 24. Nf4 Rxe1 25. Rxe1 Rh6 26. b4 Ne6 27. Nxe6+ Bxe6 28. Qe2 Kf7 29. a5 Rh8 30. Bxg6+ Kxg6 31. Qxe6 Qxe6 32. Rxe6 Ne4 33. Re7 Rb8 34. a6 bxa6 35. Ne5+ fxe5 36. Re6+ Kf7 37. Rxc6 exd4 38. cxd4 Rxb4 39. Rxa6 Rxd4 40. Rxa7+ Kg6 41. Kg2 Rd2 42. Ra6+ Kf5 43. Rh6 Rxf2+ 44. Kg1 Rf3 45. Rxh5+ Ke6 46. Rh6+ Ke5 47. Rh5+ Kd4 48. Kg2 Rxg3+ 49. Kf1 Ke3 50. Rf5 Nd2+ 51. Ke1 Rg1+ 52. Rf1 Rxf1# 0-1


[Site "https://www.chess.com"]

[Event "Titled Tuesday Blitz July 18 Late 2023"]
[White "Pinheiro, Iung Alicio de O."]
[Black "AndresDelgado77"]
[WhiteFideId "2104350"]
[WhiteElo "2602"]
[BlackElo "2354"]
[Result "1-0"]
[Round "1"]
[TimeControl "180+2"]
[Date "2023.07.18"]
[WhiteClock "0:00:23"]
[BlackClock "0:00:00"]
[Board "110"]

1. e4 e6 2. d4 d5 3. e5 c5 4. c3 Qb6 5. Nf3 Nc6 6. Bd3 a5 7. O-O Bd7 8. Re1 Nh6 9. h3 a4 10. Bc2 cxd4 11. Bxa4 Nxe5 12. Nxe5 Bxa4 13. Qh5 Bc2 14. Bxh6 Bg6 15. Nxg6 hxg6 16. Qxd5 Rd8 17. Qc4 gxh6 18. Nd2 Qxb2 19. Ne4 Be7 20. Reb1 Qa3 21. Rxb7 O-O 22. cxd4 Rd5 23. Rd1 Rfd8 24. Rd3 Qa8 25. Rxe7 f5 26. Nf6+ Kf8 27. Nxd5 exd5 28. Qc7 1-0


[Site "https://www.chess.com"]

[Event "Titled Tuesday Blitz July 18 Late 2023"]
[White "Rietze, Clemens, Dr."]
[Black "HamedWafa4"]
[WhiteFideId "24620351"]
[WhiteElo "2354"]
[BlackElo "2601"]
[Result "0-1"]
[Round "1"]
[TimeControl "180+2"]
[Date "2023.07.18"]
[WhiteClock "0:00:03"]
[BlackClock "0:00:46"]
[Board "111"]

1. d4 Nf6 2. c4 e6 3. Nf3 Bb4+ 4. Bd2 Bxd2+ 5. Qxd2 O-O 6. Nc3 d6 7. e4 Nc6 8. Be2 e5 9. d5 Ne7 10. O-O a5 11. Ne1 Nd7 12. Nd3 Ng6 13. b3 b6 14. a3 Nc5 15. Rab1 Nxd3 16. Bxd3 Nf4 17. f3 Qg5 18. Kh1 Qe7 19. Bc2 f5 20. g3 Nh3 21. Qg2 f4 22. g4 Qh4 23. Nd1 Bd7 24. Nf2 Ng5 25. Nd3 h5 26. gxh5 Bh3 27. Qf2 Qxh5 28. Bd1 Bxf1 29. Qxf1 Rf6 30. Nf2 Kf7 31. Ng4 Rh8 32. Rb2 Rg6 33. b4 axb4 34. axb4 Nh7 35. c5 Nf6 36. cxb6 cxb6 37. Qa6 Nxg4 38. fxg4 Qh3 39. Qe2 Rf6 40. Qf3 Qxf3+ 41. Bxf3 Rc8 42. Ra2 Rh6 43. Ra7+ Kg8 44. Ra2 Rc1+ 45. Kg2 Rc4 46. Rb2 Rf6 47. Kf2 Rf7 48. Ke2 Rfc7 49. Kd3 Rc3+ 50. Ke2 Re3+ 51. Kf2 Rcc3 52. Be2 Rh3 53. Kg2 f3+ 54. Kxh3 fxe2+ 0-1


[Site "https://www.chess.com"]

[Event "Titled Tuesday Blitz July 18 Late 2023"]
[White "Castaneda, Jhon David"]
[Black "Bogaudinov, Rushan"]
[WhiteFideId "4405048"]
[BlackFideId "4129288"]
[WhiteElo "2601"]
[BlackElo "2354"]
[Result "0-1"]
[Round "1"]
[TimeControl "180+2"]
[Date "2023.07.18"]
[WhiteClock "0:00:58"]
[BlackClock "0:00:45"]
[Board "112"]

1. d4 d5 2. Nf3 e6 3. c4 Nf6 4. Nc3 Bb4 5. cxd5 Nxd5 6. Qc2 O-O 7. e4 Nxc3 8. bxc3 Be7 9. Bd3 h6 10. Be3 b6 11. Qe2 Bb7 12. O-O Nd7 13. Rad1 Nf6 14. e5 Nd7 15. Nd2 c5 16. Qg4 Kh8 17. Qh5 Bg5 18. f4 cxd4 19. fxg5 dxe3 20. gxh6 g6 21. Qe2 exd2 22. Rxd2 Qg5 23. Bxg6 Nxe5 24. Bb1 Rad8 25. Rxd8 Rxd8 26. h4 Qg3 27. Be4 Ng4 0-1


[Site "https://www.chess.com"]

[Event "Titled Tuesday Blitz July 18 Late 2023"]
[White "Kanyamarala, Trisha"]
[Black "Belov, Alexei"]
[WhiteFideId "45004722"]
[BlackFideId "4128206"]
[WhiteElo "2353"]
[BlackElo "2600"]
[Result "0-1"]
[Round "1"]
[TimeControl "180+2"]
[Date "2023.07.18"]
[WhiteClock "0:00:00"]
[BlackClock "0:00:14"]
[Board "113"]

1. c4 e6 2. Nc3 d5 3. d4 Be7 4. Nf3 Nf6 5. e3 O-O 6. Bd3 Nbd7 7. O-O dxc4 8. Bxc4 a6 9. e4 b5 10. Bd3 Bb7 11. Qe2 c5 12. Bg5 cxd4 13. Nxd4 Ne5 14. Be3 Nxd3 15. Qxd3 e5 16. Rad1 exd4 17. Bxd4 b4 18. Qg3 Qb8 19. Be5 Qe8 20. Nd5 Bxd5 21. exd5 g6 22. Rfe1 Nh5 23. Qg4 Qc8 24. Qf3 Qf5 25. Qb3 Rfe8 26. d6 Bf6 27. Bxf6 Nxf6 28. Qxb4 Rxe1+ 29. Rxe1 Re8 30. Rd1 Re2 31. Qb8+ Kg7 32. Qa7 Nd7 33. h3 Nc5 34. Rf1 Qd5 35. Qc7 Rd2 36. b4 Ne6 37. Qc3+ Qd4 38. Qa3 Qxd6 39. Qc3+ Qd4 40. Qc8 Rxa2 41. Qb7 Nf4 42. Qf3 Nd3 43. Rd1 Qxf2+ 44. Qxf2 Nxf2 45. Rd6 Ne4 46. Rb6 Ra1+ 47. Kh2 Nc3 48. Rc6 Nb5 49. Rb6 h5 50. Kg3 Ra2 51. Kf3 Kh6 52. g4 h4 53. Kf4 Nc3 54. Rb7 f6 55. Rf7 Rf2+ 56. Ke3 Rb2 57. Kd3 Nd5 0-1


[Site "https://www.chess.com"]

[Event "Titled Tuesday Blitz July 18 Late 2023"]
[White "Gaitan, Juan Manuel"]
[Black "Figorito, Nick"]
[WhiteFideId "121657"]
[BlackFideId "30923689"]
[WhiteElo "2599"]
[BlackElo "2352"]
[Result "1-0"]
[Round "1"]
[TimeControl "180+2"]
[Date "2023.07.18"]
[WhiteClock "0:00:34"]
[BlackClock "0:00:07"]
[Board "114"]

1. d4 Nf6 2. c4 g6 3. Nc3 d5 4. cxd5 Nxd5 5. e4 Nxc3 6. bxc3 Bg7 7. Be3 c5 8. Qd2 O-O 9. Rc1 Qa5 10. Nf3 Rd8 11. h3 Nc6 12. d5 b6 13. Bd3 Ba6 14. O-O Bxd3 15. Qxd3 Ne5 16. Nxe5 Bxe5 17. f4 Bg7 18. Rf2 Qa4 19. c4 Rf8 20. e5 Rad8 21. Rd2 f6 22. Qe4 fxe5 23. fxe5 Rf5 24. Bf4 Rdf8 25. Rf2 Qa3 26. Rcf1 Qc3 27. Rf3 Qd4+ 28. Qxd4 cxd4 29. e6 d3 30. g4 Rxf4 31. Rxf4 Rxf4 32. Rxf4 d2 33. Rf1 Bd4+ 34. Kg2 Bc5 35. Kf3 Bb4 36. Ke2 Kg7 37. g5 h6 38. h4 hxg5 39. hxg5 Kg8 40. Rf3 Kg7 41. Rf7+ Kg8 42. Kd1 a5 43. Kc2 Kh8 44. Rf2 Kg7 45. Rxd2 Bxd2 46. Kxd2 Kf8 47. Kc3 Ke8 48. c5 bxc5 49. Kc4 Kd8 50. Kxc5 Kc7 51. a4 Kb7 52. d6 exd6+ 53. Kxd6 Kc8 54. e7 Kb7 55. e8=Q Kb6 56. Qd7 Ka6 57. Qc8+ Kb6 58. Qc6+ Ka7 59. Qb5 Ka8 60. Kc7 Ka7 61. Qxa5# 1-0


[Site "https://www.chess.com"]

[Event "Titled Tuesday Blitz July 18 Late 2023"]
[White "Storn, Justin"]
[Black "TimGrutter03"]
[WhiteFideId "30922720"]
[WhiteElo "2351"]
[BlackElo "2598"]
[Result "1-0"]
[Round "1"]
[TimeControl "180+2"]
[Date "2023.07.18"]
[WhiteClock "0:00:10"]
[BlackClock "0:00:04"]
[Board "115"]

1. d4 Nf6 2. c4 e6 3. Nc3 Bb4 4. e3 O-O 5. Bd3 b6 6. Ne2 Bb7 7. a3 Bxc3+ 8. Nxc3 Bxg2 9. Rg1 Bb7 10. e4 Ne8 11. Qh5 g6 12. Qh6 Nc6 13. Rg3 Qf6 14. e5 Qg7 15. Qh4 f5 16. Bh6 Qe7 17. Qxe7 Nxe7 18. Bxf8 Kxf8 19. f4 Ng7 20. Ne2 Nh5 21. Rg1 Bf3 22. Rf1 Bb7 23. O-O-O Nc6 24. Bc2 Na5 25. b3 b5 26. cxb5 Bd5 27. Kb2 Rb8 28. Nc3 Bg2 29. Rf2 Ba8 30. Bd3 c6 31. b4 Nb7 32. bxc6 dxc6 33. Bc4 Ke7 34. Na4 a5 35. Kc3 Ng7 36. Nc5 Nxc5 37. dxc5 Ne8 38. Rfd2 Rb7 39. Rd8 Ra7 40. Bxe6 Nc7 41. R8d7+ Ke8 42. Bc4 axb4+ 43. axb4 Nd5+ 44. Bxd5 Rxd7 45. Bb3 Ra7 46. Rd6 Ke7 47. e6 Ra1 48. Rd7+ Ke8 49. Rxh7 Rc1+ 50. Kd2 Ra1 51. Kc3 Ra6 52. Rg7 Ra3 53. Rxg6 Bb7 54. Rg7 Bc8 55. Rg8+ Ke7 56. Rxc8 Ra1 57. Rxc6 Rc1+ 58. Bc2 Rh1 59. Rd6 Rxh2 60. Bb3 Rh3+ 61. Kb2 Rf3 62. Rd7+ Ke8 63. Rh7 Rf2+ 64. Ka3 Re2 65. Ba4+ Kd8 66. e7+ Rxe7 67. Rxe7 Kxe7 68. Bc2 1-0


[Site "https://www.chess.com"]

[Event "Titled Tuesday Blitz July 18 Late 2023"]
[White "Velasco, Santiago"]
[Black "Prieto Aranguren, Alain"]
[WhiteFideId "4401328"]
[BlackFideId "2268906"]
[WhiteElo "2598"]
[BlackElo "2350"]
[Result "0-1"]
[Round "1"]
[TimeControl "180+2"]
[Date "2023.07.18"]
[WhiteClock "0:00:46"]
[BlackClock "0:00:32"]
[Board "116"]

1. d4 d5 2. Nf3 Nf6 3. Bg5 e6 4. c3 Be7 5. Nbd2 O-O 6. e3 b6 7. Bd3 Ba6 8. Bxa6 Nxa6 9. Qe2 Nb8 10. e4 dxe4 11. Nxe4 Nbd7 12. Nxf6+ Nxf6 13. Ne5 Nd5 14. Bxe7 Nxe7 15. O-O Rc8 16. Rfd1 Qd6 17. a4 a5 18. h3 Nd5 19. Qe4 c5 20. dxc5 Qxc5 21. Nd7 Qc7 22. Nxf8 Rxf8 23. c4 Nb4 24. b3 Rd8 25. Qb7 Qb8 26. Qxb8 Rxb8 27. Rd6 Kf8 28. Rad1 Ke7 29. g4 Rb7 30. R6d4 h5 31. gxh5 Nc6 32. Rg4 Kf6 33. h4 Ne5 34. Rf4+ Ke7 35. Kg2 Rb8 36. Re4 f6 37. Red4 Rb7 38. f4 Nd7 39. R1d3 Nc5 40. Rg3 Kf7 41. Rd6 Ne4 42. Rgd3 Nxd6 43. Rxd6 Ke7 44. Rc6 Kd7 45. h6 Kxc6 46. h7 Rb8 47. Kg3 Rh8 48. Kg4 Rxh7 49. f5 e5 0-1


[Site "https://www.chess.com"]

[Event "Titled Tuesday Blitz July 18 Late 2023"]
[White "K2JW"]
[Black "Vaibhav Jayant Raut"]
[BlackFideId "5089034"]
[WhiteElo "2350"]
[BlackElo "2597"]
[Result "0-1"]
[Round "1"]
[TimeControl "180+2"]
[Date "2023.07.18"]
[WhiteClock "0:00:44"]
[BlackClock "0:01:34"]
[Board "117"]

1. c4 Nf6 2. d4 e6 3. Nf3 Bb4+ 4. Nbd2 O-O 5. Qc2 d5 6. g3 c5 7. Bg2 cxd4 8. Nxd4 Nc6 9. Nxc6 bxc6 10. c5 Nd7 11. O-O Bxc5 12. Nb3 Bb6 13. Qxc6 Ba6 14. Re1 Rc8 15. Qa4 Bc4 16. Nd2 Qf6 17. e3 Ne5 18. Nxc4 Rxc4 19. Qd1 Rfc8 20. b3 Rc2 21. Bd2 Ba5 22. Rc1 Rxc1 23. Bxc1 0-1


[Site "https://www.chess.com"]